 Dungeon Crawl Stone Soup version 0.27.0-1-g7a089689b8 (webtiles) character file.

Game seed: 12664071642522993362

312 Kinoniko the Chopper (level 6, -2/51 HPs)
             Began as a Draconian Berserker on Aug 6, 2021.
             Was a Believer of Trog.
             Slain by an iguana (6 damage)
             ... on level 4 of the Dungeon.
             The game lasted 00:02:30 (2837 turns).

Kinoniko the Chopper (Draconian Berserker)          Turns: 2837, Time: 00:02:31

Health: -2/51      AC:  6    Str: 19    XL:     6   Next: 18%
Magic:  6/6        EV: 13    Int:  7    God:    Trog [**....]
Gold:   118        SH:  0    Dex: 13    Spells: 5/5 levels left

rFire    . . .     SeeInvis .   h - +0 war axe
rCold    . . .     Faith    .   (no shield)
rNeg     + . .     Spirit   .   (armour unavailable)
rPois    .         Reflect  .   (helmet restricted)
rElec    .         Harm     .   (no cloak)
rCorr    .         Rampage  .   (no gloves)
Will     .....                  (no boots)
Stlth    +.........             (no amulet)
HPRegen  0.17/turn              b - ring of positive energy
MPRegen  0.10/turn              (no ring)

@: no status effects
A: AC +6, unfitting armour, cold-blooded
a: Renounce Religion, Berserk, Trog's Hand


You were on level 4 of the Dungeon.
You worshipped Trog.
Trog was pleased with you.
You visited 1 branch of the dungeon, and saw 4 of its levels.

You collected 118 gold pieces.

Inventory:

Hand Weapons
 a - a +0 hand axe
 h - a +0 war axe (weapon)
Jewellery
 b - a ring of positive energy (left hand)
Wands
 i - a wand of polymorph (8)
Scrolls
 c - a scroll of amnesia {unknown}
 e - 2 scrolls of noise {unknown}
 g - a scroll of enchant weapon {unknown}
Potions
 d - a potion of heal wounds {unknown}
 f - 2 potions of magic {unknown}


   Skills:
 - Level 3.2 Fighting
 * Level 6.0 Axes
 + Level 4.2 Dodging


You had 5 spell levels left.
You didn't know any spells.
Your spell library was empty.

Dungeon Overview and Level Annotations

Branches:
Dungeon (4/15)
 Temple: D:4-7

Altars:
Gozag
Uskayaw
Xom


Innate Abilities, Weirdness & Mutations

Your plain brown scales are hard. (AC +6)
You cannot fit into any form of body armour.
You are cold-blooded and may be slowed by cold attacks.


Message History

The iguana is heavily wounded.
The iguana closely misses you.
You barely miss the iguana.
The iguana is heavily wounded.
The iguana misses you.
You barely miss the iguana.
The iguana is heavily wounded.
The iguana bites you!
You slash the iguana!
Your tail-slap misses the iguana.
The iguana is almost dead.
The iguana barely misses you. The iguana bites you!
You barely miss the iguana.
You tail-slap the iguana, but do no damage.
The iguana is almost dead.
The iguana bites you.
You barely miss the iguana.
You tail-slap the iguana, but do no damage.
The iguana is almost dead.
The iguana bites you!
* * * LOW HITPOINT WARNING * * *
You are too injured to fight recklessly!
You are too injured to fight recklessly!
You are too injured to fight recklessly!
You are too injured to fight recklessly!
You are too injured to fight recklessly!
You are too injured to fight recklessly!
You are too injured to fight recklessly!
You are too injured to fight recklessly!
You are too injured to fight recklessly!
You are too injured to fight recklessly!
You are too injured to fight recklessly!
You are too injured to fight recklessly!
You barely miss the iguana.
The iguana is almost dead.
The iguana bites you!
* * * LOW HITPOINT WARNING * * *
You hit the iguana.
Your tail-slap misses the iguana.
The iguana is almost dead.
The iguana bites you.
You die...

######## .......#
############
..####†######..........#
..#.......##..).........
<..........>............
....#####...............
...##.((##..............
...#.#(#(#..............
...#..#((#......@l......
...#.#.#(#..............
...##..(##.............#
#..###.###.......#######
#.###.#.......#
#.....#.......# #._.
#.###.#.# .. #.#.# #..
.#.#


You could see an iguana.

Vanquished Creatures
  Sigmund (D:2)
  A scorpion (D:2)
  An orc priest (D:3)
  A worm (D:2)
  2 dart slugs (D:2)
  5 orcs (D:3)
  5 endoplasms (D:1)
  2 giant cockroaches
  2 goblins
  4 hobgoblins
  11 jackals (D:1)
  6 kobolds
  A quokka (D:1)
  4 ball pythons
  4 frilled lizards
  3 rats
53 creatures vanquished.

Vanquished Creatures (others)
  A plant (D:2)
1 creature vanquished.

Grand Total: 54 creatures vanquished

Notes
Turn   | Place    | Note
-------+----------+-------------------------------------------
     0 | D:1      | Kinoniko the Draconian Berserker began the quest for the
                  | Orb.
     0 | D:1      | Reached XP level 1. HP: 19/19 MP: 1/1
   412 | D:1      | Reached XP level 2. HP: 26/26 MP: 2/2
   587 | D:1      | Reached ** piety under Trog
   653 | D:1      | Reached XP level 3. HP: 26/31 MP: 3/3
   743 | D:1      | Found a faded altar of an unknown god.
   965 | D:1      | Reached skill level 4 in Axes
  1353 | D:2      | Found a shimmering altar of Xom.
  1364 | D:2      | Noticed Sigmund
  1374 | D:2      | Killed Sigmund
  1375 | D:2      | Reached skill level 5 in Axes
  1375 | D:2      | Reached XP level 4. HP: 38/38 MP: 4/4
  1375 | D:2      | Reached XP level 5. HP: 45/45 MP: 5/5
  1693 | D:2      | Reached XP level 6. HP: 43/51 MP: 6/6
  2236 | D:3      | Reached skill level 6 in Axes
  2339 | D:3      | Found an opulent altar of Gozag.
  2809 | D:4      | Noticed a +0 falchion
  2809 | D:4      | Noticed a +0 spear
  2809 | D:4      | Noticed a +0 dagger
  2809 | D:4      | Noticed a +0 dagger
  2809 | D:4      | Noticed a +0 short sword
  2809 | D:4      | Noticed a +0 spear
  2810 | D:4      | Noticed a +0 falchion
  2810 | D:4      | Noticed a +0 short sword
  2822 | D:4      | Found a hide-covered altar of Uskayaw.
  2837 | D:4      | Slain by an iguana

Illustrated notes

Levels and vault maps discovered:
D:1:      eino_arrival_water_cross, layout_basic, basic_ecumenical_altar
D:2:      layout_rooms, serial_forest, infiniplex_forest_straight_2,
          infiniplex_forest_lined_1, infiniplex_forest_lined_corner,
          infiniplex_forest_clump_cross, infiniplex_forest_clump_small,
          infiniplex_forest_end_1, infiniplex_forest_end_3, basic_altar,
          minmay_misc_feat_five, uniq_sigmund
D:3:      layout_loops_corners, grunt_gozag_statues, grunt_ministairs_9
D:4:      layout_rooms, nicolae_uskayaw_en_pointe,
          minmay_temple_entry_proselytizer

Skill      XL: |  1  2  3  4  5  6 |
---------------+-------------------+-----
Dodging        | 3 4 |  4.2
Axes           | 5 6 |  6.0
Fighting       | |  3.2

Action                   |  1- 3 |  4- 6 || total
-------------------------+-------+-------++-------
Melee: Hand axe          |   118 |    12 ||   130
       Tailslap          |     8 |    11 ||    19
       War axe           |       |    37 ||    37
Invok: Berserk           |     2 |     1 ||     3
 Stab: Sleeping          |       |     1 ||     1
Armor: Skin              |    28 |    12 ||    40
Dodge: Dodged            |    71 |    30 ||   101
